 Dungeon Crawl Stone Soup version 0.29.1-2-gbd0b4ee654 (webtiles) character file.

Game seed: 9450923587554622608

3458 qeuew the Skirmisher (level 9, -22/46 HPs)
             Began as a Spriggan Hunter on Nov 3, 2022.
             Annihilated by a two-headed ogre
             ... wielding a +0 dire flail of protection
              (33 damage)
             ... on level 6 of the Dungeon.
             The game lasted 00:12:07 (6122 turns).

qeuew the Skirmisher (Spriggan Hunter)              Turns: 6122, Time: 00:12:08

Health: -22/46     AC:  2    Str:  7    XL:     9   Next: 78%
Magic:  10/10      EV: 24    Int: 10    God:
Gold:   1273       SH:  5    Dex: 23    Spells: 8/8 levels left

rFire   . . .      SeeInvis +   a - +1 shortbow (venom)
rCold   . . .      Faith    .   (shield currently unavailable)
rNeg    . . .      Spirit   .   c - +0 robe
rPois   +          Reflect  +   (helmet restricted)
rElec   .          Harm     .   (no cloak)
rCorr   .          Rampage  .   (gloves unavailable)
Will    +....                   (boots unavailable)
Stlth   ++++......              e - amulet "Yhiafemm" {Reflect rPois SH+5}
HPRegen 0.15/turn               f - ring of flight
MPRegen 0.12/turn               (no ring)

@: flying, very quick
A: very small, no large weapons, unfitting armour, see invisible, speed 3
a: no special abilities


You were on level 6 of the Dungeon.
You visited 1 branch of the dungeon, and saw 6 of its levels.
You also visited: Sewer.

You collected 1273 gold pieces.

Inventory:

Hand Weapons
 a - a +1 shortbow of venom (weapon)
 d - a +0 dagger
Armour
 c - a +0 robe (worn)
Jewellery
 e - the amulet "Yhiafemm" (around neck) {Reflect rPois SH+5}
   (You took it off a kobold brigand on level 6 of the Dungeon)

   [amulet of reflection]

   It reflects blocked missile attacks.
   rPois:     It protects you from poison.
   SH:        It affects your SH (+5).
 f - a ring of flight (left hand)
Scrolls
 b - 3 scrolls of fear
 i - 3 scrolls of enchant armour
 l - a scroll of magic mapping {unknown}
 o - a scroll of teleportation
Potions
 g - 2 potions of curing
 h - a potion of mutation
 j - a potion of might {unknown}
 k - 2 potions of magic
 q - a potion of haste


   Skills:
 + Level 4.6 Fighting
 * Level 8.0 Short Blades
 * Level 8.6 Ranged Weapons
 + Level 7.4 Dodging
 + Level 8.3 Stealth


You had 8 spell levels left.
You didn't know any spells.
Your spell library contained the following spells:

 Spells                   Type           Power      Damage    Failure   Level
 Freeze                   Ice            0%         1d3       36%         1
 Call Canine Familiar     Summ           0%         N/A       75%         3
 Portal Projectile        Hex/Tloc       0%         N/A       75%         3
 Animate Dead             Necr           0%         N/A       98%         4
 Corpse Rot               Necr/Pois/Air  0%         N/A       98%         4
 Leda's Liquefaction      Hex/Erth       0%         N/A       98%         4
 Freezing Cloud           Conj/Ice/Air   0%         6-21      100%        5


Dungeon Overview and Level Annotations

Branches:
Dungeon (6/15)              Sewer (visited)
 Temple: D:4-7

Altars:
Ashenzari
Cheibriados
Elyvilon
Gozag
Nemelex Xobeh
Okawaru
Trog
Vehumet
Wu Jian
Yredelemnul

Shops:
D:3 (   D:5 :*


Innate Abilities, Weirdness & Mutations

You are very small and have problems with some larger weapons.
You are too small for most types of armour.
You have supernaturally acute eyesight. (SInv)
You cover ground extremely quickly. (Speed+++)


Message History

The arrow hits the gnoll bouda.
The gnoll bouda is poisoned.
The gnoll bouda is moderately wounded.
You shoot an arrow.
The arrow closely misses the gnoll bouda.
You shoot an arrow. The arrow hits the gnoll bouda.
The gnoll bouda looks as sick as possible!
The gnoll bouda is heavily wounded.
You shoot an arrow.
The arrow hits the gnoll bouda but does no damage.
The gnoll bouda looks as sick as possible!
The gnoll bouda is severely wounded.
You shoot an arrow. The arrow hits the gnoll bouda!
You kill the gnoll bouda!
You hear a splash. x2
Your Short Blades skill increases to level 8!
No target in view!
No target in view!
No target in view!
A two-headed ogre comes into view.
It is wielding a +0 dire flail of protection and a +0 giant club.
A two-headed ogre is nearby!
You shoot an arrow. The two-headed ogre shouts in stereo!
The arrow hits the two-headed ogre!
The two-headed ogre is poisoned.
The two-headed ogre is lightly wounded.
You shoot an arrow.
The arrow hits the two-headed ogre but does no damage.
The two-headed ogre looks as sick as possible!
The two-headed ogre is lightly wounded.
You shoot an arrow. The arrow hits the two-headed ogre.
The two-headed ogre looks as sick as possible!
The two-headed ogre is moderately wounded.
You shoot an arrow. The arrow hits the two-headed ogre!
The two-headed ogre looks as sick as possible!
The two-headed ogre is heavily wounded.
The two-headed ogre hits you with a +0 dire flail of protection!!
Ouch! That really hurt!
* * * LOW HITPOINT WARNING * * *
The two-headed ogre hits you with a +0 giant club!!
Ouch! That really hurt!
You die...

..o'....'...... .#.#.≈≈≈..
...#....#...... ..#.~≈~..
#....# ..... #'###≈≈..
####''')#############.o.#≈~P.
.....)...)))).....))#ooo#≈~..
~~≈~....)≈~~~~~~≈~)≈#####≈≈..
≈≈≈≈....≈≈≈≈≈≈≈≈~≈≈≈≈≈≈≈≈≈≈..
~~≈~....~~≈~≈~≈~~~)~~≈~~≈~~..
..
...........O@)...............
.#
######...####################
#.. ######..........# .# #
#...............## .#.##
#................#
.....##.........g......# #
.#..#................#
##........!o...........#####
.# #......................#


You could see a two-headed ogre (extremely poisoned).

Vanquished Creatures
  Pikel (D:4)
  Prince Ribbit (D:5)
  A wyvern (D:5)
  A warg (D:6)
  3 ice beasts
  An orc warrior (D:5)
  3 ogres (D:6)
  5 kobold brigands
  A bullfrog (D:6)
  A gnoll sergeant (D:6)
  3 necrophages
  3 scorpions
  A water moccasin zombie (D:5)
  7 howler monkeys (D:6)
  A bullfrog zombie (D:5)
  8 hounds
  6 orc priests
  2 gnoll boudas (D:6)
  An iguana (D:6)
  3 orc wizards
  Ijyb (D:5)
  A gnoll (D:6)
  6 adders
  A river rat (Sewer)
  A white imp (D:6)
  An ufetubus (D:5)
  3 dart slugs
  14 orcs
  6 endoplasms
  3 giant cockroaches
  6 hobgoblins
  6 jackals
  8 kobolds
  2 quokkas (D:1)
  10 ball pythons
  7 bats
  9 frilled lizards
  10 goblins
  11 rats
159 creatures vanquished.

Vanquished Creatures (others)
  10 plants (Sewer)
10 creatures vanquished.

Grand Total: 169 creatures vanquished

Notes
Turn   | Place    | Note
-------+----------+-------------------------------------------
     0 | D:1      | qeuew the Spriggan Hunter began the quest for the Orb.
     0 | D:1      | Reached XP level 1. HP: 10/10 MP: 2/2
    52 | D:1      | Reached XP level 2. HP: 15/15 MP: 3/3
   206 | D:1      | Got Harron's Anthology of Frosty Mortification
   526 | D:2      | Reached XP level 3. HP: 11/18 MP: 4/4
   683 | D:2      | Reached skill level 1 in Short Blades
  1215 | D:3      | Found a sparkling altar of Nemelex Xobeh.
  1379 | D:3      | Found Susar's Weapon Shoppe.
  1674 | D:4      | Noticed a necrophage
  1683 | D:4      | Killed a necrophage
  1684 | D:4      | Reached XP level 4. HP: 16/23 MP: 5/5
  1979 | D:4      | Reached XP level 5. HP: 26/26 MP: 6/6
  2013 | D:4      | Reached skill level 5 in Ranged Weapons
  2332 | D:4      | Noticed Pikel
  2332 | D:4      | Noticed a lemure
  2332 | D:4      | Noticed a lemure
  2336 | D:4      | Noticed a lemure
  2337 | D:4      | Noticed a lemure
  2344 | D:4      | Killed Pikel
  2345 | D:4      | Reached XP level 6. HP: 32/32 MP: 7/7
  2345 | D:4      | Reached XP level 7. HP: 35/35 MP: 8/8
  2479 | D:4      | Identified a scroll of acquirement
  2479 | D:4      | Acquired 891 gold pieces
  2514 | D:5      | Entered Level 5 of the Dungeon
  2514 | D:5      | Noticed a wyvern
  2920 | D:5      | Found Qaed's Assorted Antiques.
  2963 | D:5      | Noticed Prince Ribbit
  3002 | D:5      | Killed Prince Ribbit
  3003 | D:5      | Reached skill level 5 in Dodging
  3003 | D:5      | Reached skill level 5 in Stealth
  3014 | D:5      | Found a glowing drain.
  3026 | Sewer    | Entered a sewer
  3188 | Sewer    | Reached skill level 5 in Short Blades
  3188 | Sewer    | Reached XP level 8. HP: 35/40 MP: 9/9
  3996 | D:5      | Found a bloodstained altar of Trog.
  4007 | D:5      | Found Fusyomom's Book Shoppe.
  4401 | D:5      | Noticed Ijyb
  4410 | D:5      | Killed Ijyb
  4947 | D:5      | Found a basalt altar of Yredelemnul.
  5009 | D:5      | Found an ornate altar of the Wu Jian Council.
  5009 | D:5      | Found a radiant altar of Vehumet.
  5010 | D:5      | Found an opulent altar of Gozag.
  5314 | D:6      | Reached XP level 9. HP: 45/45 MP: 10/10
  5376 | D:6      | Found an iron altar of Okawaru.
  5377 | D:6      | Found a white marble altar of Elyvilon.
  5377 | D:6      | Found a snail-covered altar of Cheibriados.
  5378 | D:6      | Found a broken altar of Ashenzari.
  5912 | D:6      | Identified the amulet "Yhiafemm" {Reflect rPois SH+5}
  6118 | D:6      | Noticed a two-headed ogre
  6122 | D:6      | Annihilated by a two-headed ogre

Illustrated notes

Levels and vault maps discovered:
D:1:      erik_arrival_blinker_ship, layout_rooms
D:2:      layout_basic, kennysheep_generic_room_10
D:3:      layout_loops_ring, mainiacjoe_overflow_24_doors, serial_shops,
          nicolae_shop_bloodbath_and_beyond
D:4:      layout_loops_cross, uniq_pikel
D:5:      layout_basic, bloody_trog, lemuel_zombie_altar_yredelemnul,
          nicolae_overflow_hidden_temple, portal_sewer_entry_b, serial_shops,
          shop, nicolae_shop_hallway_plus, guppyfry_early_orc_mine, uniq_ijyb,
          uniq_prince_ribbit1
D:6:      lemuel_castle_with_subvaults [lemuel_castle_interior_carwin_3],
          layout_rooms, chequers_temple_overflow_statue_of_worship

Skill      XL: |  1  2  3  4  5  6  7  8  9 |
---------------+----------------------------+-----
Stealth        | 2 3 4 5 7 8 |  8.3
Dodging        | 3 4 5 6 7 |  7.4
Short Blades   | 2 4 5 6 8 |  8.0
Fighting       | 2 3 4 |  4.6
Ranged Weapons | 5 6 7 8 |  8.6

Action                   |  1- 3 |  4- 6 |  7- 9 || total
-------------------------+-------+-------+-------++-------
Melee: Dagger            |       |       |     9 ||     9
 Fire: Shortbow          |   102 |    45 |   318 ||   465
  Use: Scroll            |    10 |       |     9 ||    19
       Potion            |     2 |     1 |     7 ||    10
Armor: Robe              |     1 |     2 |     6 ||     9
Dodge: Dodged            |    28 |     8 |   131 ||   167
